Map: Winter's Gate LE

Players

AGIANTSMURF

  • Race: Protoss Protoss
  • League: Master
  • Spawn Location: 5:00

Frobilicious - Winner!

  • Race: Terran Terran
  • League: Master
  • Spawn Location: 11:00

VOD

Have the link to the VOD?

Description

Time

  • Played on: Aug. 23, 2019, 12:01 a.m.
  • Length: 19:11
Show
View Real Time Build Order
Export as new Build Order

AGIANTSMURF Protoss 

Build Orders: 1 Gate Expand, Blink Stalkers 

Get SALT Encoding   

  12  0:00  Probe  
  13  0:12  Probe  
  14  0:17  Pylon  
  14  0:24  Probe  
  15  0:32  Probe  
  15  0:39  Gateway  
  15  0:40  Probe  
  16  0:47  Assimilator  
  17  0:51  Probe  
  18  1:03  Probe  
  19  1:15  Probe  
  20  1:28  Cybernetics Core  
  20  1:35  Nexus  
  20  1:38  Probe  
  21  1:45  Pylon  
  21  1:54  Adept  
  21  1:55  Probe, Assimilator  
  22  2:05  Warp Gate  
  22  2:08  Probe  
  25  2:16  Sentry  
  25  2:20  Probe  
  25  2:21  Pylon  
  28  2:32  Probe  
  30  2:44  Probe x2  
  30  2:45  Twilight Council  
  31  2:51  Stalker  
  31  2:52  Probe  
  31  2:56  Probe  
  35  3:02  Probe  
  36  3:08  Probe  
  36  3:11  Gateway  
  37  3:14  Probe  
  37  3:16  Blink  
  38  3:20  Probe  
  38  3:22  Gateway  
  38  3:26  Probe  
  38  3:32  Probe  
  39  3:38  Probe  
  39  3:39  Robotics Facility  
  40  3:44  Probe  
  41  3:51  Probe  
  41  3:54  Stalker  
  42  3:56  Probe  
  41  4:03  Probe  
  41  4:08  Probe, Stalker  
  43  4:11  Assimilator  
  43  4:15  Probe  
  44  4:19  Observer  
  44  4:21  Probe  
  45  4:27  Probe  
  45  4:28  Nexus  
  45  4:30  Pylon  
  47  4:33  Probe  
  47  4:37  Pylon  
  48  4:39  Probe  
  48  4:45  Probe  
  45  4:52  Stalker x3  
  48  5:00  Probe  
  48  5:01  Probe  
  50  5:13  Probe x2  
  52  5:15  Stalker  
  52  5:16  Stalker  
  52  5:17  Observer  
  56  5:21  Charge  
  56  5:22  Probe  
  56  5:25  Probe  
  56  5:26  Observer  
  59  5:30  Probe  
  59  5:32  Forge  
  60  5:39  Probe  
  60  5:47  Observer  
  58  5:50  Stalker x2  
  58  5:51  Probe  
  53  6:07  Protoss Ground Armor Level 1  
  53  6:08  Probe, Stalker  
  53  6:09  Probe  
  57  6:12  Forge  
  57  6:14  Probe  
  58  6:23  Probe x2  
  58  6:25  Protoss Ground Weapons Level 1  
  60  6:26  Probe  
  60  6:28  Stalker x2  
  60  6:31  Observer  
  60  6:32  Pylon  
  65  6:35  Probe  
  65  6:36  Probe  
  65  6:38  Probe  
  68  6:45  Gateway  
  68  6:47  Probe  
  68  6:48  Probe  
  68  6:50  Probe  
  71  6:57  Pylon  
  71  6:58  Probe  
  71  6:59  Probe  
  71  7:00  Probe  
  73  7:06  Zealot x2, Sentry  
  73  7:07  Probe x2  
  73  7:08  Probe  
  80  7:11  Observer  
  80  7:15  Probe x2  
  84  7:16  Observer, Probe  
  84  7:21  Observer  
  87  7:26  Probe  
  87  7:28  Zealot x2  
  87  7:29  Zealot  
  94  7:30  Probe  
  94  7:33  Probe  
  94  7:35  Assimilator  
  94  7:37  Assimilator  
  94  7:42  Probe  
  95  7:50  Pylon  
  95  7:51  Shield Battery, Probe  
  96  7:53  Observer  
  90  8:00  Probe  
  90  8:01  Zealot x4  
  99  8:07  Gateway  
  99  8:08  Gateway  
  99  8:09  Gateway  
  99  8:12  Gateway  
  99  8:13  Probe  
  99  8:14  Pylon  
  99  8:17  Pylon, Probe  
  99  8:19  Probe  
  102  8:22  Zealot x3  
  102  8:26  Pylon x3  
  108  8:32  Stalker  
  108  8:42  Protoss Ground Armor Level 2, Protoss Ground Weapons Level 2  
  108  8:44  Stalker x3  
  108  8:45  Probe x2  
  113  8:49  Probe  
  113  8:50  Nexus  
  113  8:56  Shield Battery  
  113  8:57  Probe  
  113  8:58  Probe  
  115  9:06  Templar Archives  
  115  9:11  Pylon  
  115  9:14  Warp Prism, Pylon  
  115  9:18  Zealot x3  
  121  9:31  Probe  
  124  9:34  Psionic Storm  
  124  9:43  Zealot x6  
  136  9:50  Pylon  
  136  9:51  Stargate  
  136  9:53  Pylon  
  136  9:56  Shield Battery  
  136  10:11  High Templar  
  136  10:12  High Templar x3  
  144  10:21  Protoss Air Weapons Level 1  
  135  10:33  Observer, Stalker x4  
  135  10:43  Probe  
  135  10:44  Probe x2  
  138  10:59  Probe  
  138  11:03  Probe  
  138  11:04  Probe  
  138  11:05  Pylon, Probe  
  138  11:08  Fleet Beacon  
  140  11:11  Stargate  
  140  11:12  Stargate, Probe  
  140  11:14  Stargate  
  140  11:15  Probe  
  142  11:24  Probe  
  143  11:27  Probe x2, Assimilator  
  143  11:28  Probe  
  143  11:30  Assimilator  
  143  11:31  Assimilator  
  140  11:43  Protoss Ground Weapons Level 3  
  140  11:44  Protoss Ground Armor Level 3  
  136  11:50  Dark Shrine  
  136  12:01  Tempest x2  
  141  12:02  Tempest  
  149  12:13  Photon Cannon  
  149  12:14  Photon Cannon  
  149  12:16  Photon Cannon  
  143  12:30  Photon Cannon  
  143  12:31  Photon Cannon  
  143  12:33  Stalker  
  143  12:34  Stalker x4  
  149  12:46  Tempest  
  149  12:48  Probe x2  
  149  12:49  Probe  
  144  13:05  Probe  
  144  13:06  Probe x2  
  144  13:07  Probe  
  147  13:18  Probe x2  
  147  13:19  Observer  
  150  13:20  Robotics Bay  
  147  13:29  Photon Cannon  
  147  13:31  Photon Cannon  
  147  13:34  Photon Cannon  
  143  13:35  Stalker  
  143  13:36  Stalker x4  
  143  13:37  Stalker x2  
  151  13:45  Probe  
  151  13:46  Probe x2  
  154  13:55  Photon Cannon  
  149  14:03  Probe x2  
  149  14:06  Probe  
  150  14:19  Probe  
  150  14:20  Probe x3  
  152  14:42  Zealot  
  152  14:43  Zealot x3  
  102  14:53  High Templar x3  
  102  14:54  High Templar  
  92  15:03  Archon x2  
  92  15:04  Archon  
  68  15:15  High Templar x4  
  75  15:22  Probe  
  75  15:23  Probe x2  
  75  15:24  Probe  
  79  15:30  Probe  
  79  15:35  Probe x2  
  82  15:40  High Templar x4  
  90  15:42  Tempest  
  90  15:45  Archon x2  
  90  15:46  Shadow Stride  
  95  15:54  Probe x3  
  95  15:55  Probe  
  94  16:06  Probe  
  94  16:10  Immortal, High Templar x2  
  94  16:11  High Templar x2  
  103  16:14  Robotics Facility  
  103  16:16  Archon x2  
  103  16:24  Probe x2  
  100  16:35  Archon  
  67  16:43  Dark Templar x4  
  75  16:48  Zealot x2  
  79  16:54  Dark Templar  
  79  16:58  Probe  
  79  16:59  Probe x2  
  84  17:03  Probe  
  85  17:13  Stalker x3  
  91  17:15  Stalker  
  93  17:29  Immortal  
  93  17:43  High Templar  
  93  17:44  High Templar  
  101  17:53  Nexus  
  101  17:55  Pylon  
  101  17:56  Pylon, Carrier  
  101  18:04  Immortal  
  101  18:14  Photon Cannon  
  101  18:16  Photon Cannon  
  101  18:17  Zealot x4  
  109  18:25  Immortal  
  109  18:30  Archon  
  109  18:36  Stalker x3  
  112  18:44  High Templar x2  
  112  18:48  Archon  
  116  18:54  Zealot x3  
Show
View Real Time Build Order
Export as new Build Order

Frobilicious Terran - Winner!

Build Orders: Gas First Reaper Expand, Hellion Banshee, Mech 

Get SALT Encoding   

  12  0:00  SCV  
  13  0:13  SCV  
  14  0:17  Supply Depot  
  14  0:25  SCV  
  14  0:27  Refinery  
  15  0:38  SCV  
  16  0:44  Barracks  
  16  0:50  SCV  
  17  1:02  SCV  
  18  1:15  SCV  
  19  1:31  Orbital Command, Reaper  
  20  1:44  Command Center  
  20  1:59  Factory  
  20  2:02  SCV  
  20  2:05  Barracks Reactor  
  21  2:11  Refinery  
  21  2:14  SCV  
  22  2:19  Supply Depot  
  22  2:28  SCV  
  23  2:41  SCV  
  24  2:45  Starport  
  24  2:52  Hellion  
  24  2:53  SCV, Hellion  
  24  2:57  Barracks Tech Lab  
  29  3:02  Orbital Command  
  28  3:08  SCV  
  29  3:25  Medivac, Hellion x2  
  35  3:28  SCV  
  35  3:30  SCV  
  37  3:38  Supply Depot  
  37  3:46  Hellion x2  
  41  3:50  SCV x2  
  41  4:02  SCV x2  
  43  4:08  Supply Depot  
  41  4:14  SCV x2  
  42  4:18  Refinery  
  42  4:20  Marine x2, Cloaking Field  
  42  4:21  Banshee, Refinery  
  42  4:23  Factory Tech Lab  
  47  4:26  SCV  
  47  4:27  Bunker  
  47  4:28  SCV  
  49  4:32  Supply Depot  
  49  4:38  SCV  
  50  4:40  SCV  
  49  4:50  SCV  
  47  4:52  SCV  
  47  4:56  Marine x2  
  47  5:01  Siege Tank  
  47  5:02  SCV  
  47  5:04  Banshee  
  47  5:05  SCV  
  55  5:08  Supply Depot  
  55  5:14  SCV  
  55  5:17  Command Center, SCV  
  57  5:24  Marine x2  
  59  5:31  Factory, SCV  
  59  5:32  Factory  
  59  5:40  SCV  
  60  5:43  SCV  
  55  5:52  Siege Tank, Marine x2, SCV  
  55  5:55  SCV  
  52  6:04  SCV  
  52  6:07  SCV  
  52  6:10  Marine x2  
  53  6:16  SCV  
  52  6:19  SCV  
  54  6:28  SCV  
  53  6:36  Orbital Command  
  53  6:37  SCV  
  54  6:41  Siege Tank  
  54  6:42  SCV  
  54  6:45  Siege Tank  
  65  6:49  SCV  
  65  6:51  Widow Mine x2, Armory  
  67  6:54  SCV  
  67  7:01  SCV  
  67  7:02  SCV  
  67  7:05  Supply Depot  
  67  7:06  SCV  
  70  7:13  Siege Tank  
  70  7:14  SCV  
  75  7:17  Widow Mine x2, Orbital Command  
  75  7:18  Siege Tank, SCV  
  75  7:26  SCV  
  74  7:30  SCV  
  75  7:38  SCV  
  75  7:39  Drilling Claws  
  75  7:40  Factory  
  75  7:42  Terran Vehicle Weapons Level 1, Orbital Command, SCV, Factory  
  78  7:45  Siege Tank  
  78  7:49  Refinery  
  78  7:50  SCV  
  82  7:54  SCV  
  79  8:00  Siege Tank  
  79  8:02  Widow Mine x2, SCV  
  87  8:06  SCV  
  88  8:14  SCV  
  88  8:18  SCV  
  86  8:21  Siege Tank  
  86  8:23  Widow Mine x2  
  86  8:26  SCV  
  94  8:29  Factory Reactor  
  94  8:31  Orbital Command, Factory Tech Lab, SCV  
  95  8:38  SCV  
  95  8:40  Supply Depot  
  96  8:43  SCV  
  96  8:46  Siege Tank  
  100  8:49  Widow Mine x2  
  100  8:54  Supply Depot  
  103  8:55  SCV x2  
  103  8:56  Supply Depot  
  103  8:57  Barracks Reactor, Medivac  
  103  9:00  SCV  
  110  9:02  Hellion  
  110  9:03  Hellion  
  110  9:07  SCV x2  
  112  9:12  Refinery, SCV, Infernal Pre-Igniter  
  112  9:13  Refinery  
  112  9:19  SCV x2, Hellion x2  
  112  9:21  Hellion x3  
  124  9:24  Command Center, SCV  
  120  9:48  Widow Mine x3, Siege Tank x2  
  132  9:54  Engineering Bay  
  132  9:58  Supply Depot x2  
  132  9:59  Terran Vehicle Weapons Level 2  
  132  10:00  Armory  
  132  10:10  Command Center  
  132  10:14  Widow Mine  
  132  10:15  Widow Mine, Supply Depot  
  132  10:16  Supply Depot  
  132  10:19  Siege Tank  
  132  10:20  Siege Tank, Hellion x2  
  144  10:21  Hellion  
  142  10:35  Hellion  
  142  10:36  Hellion  
  142  10:39  Supply Depot  
  142  10:41  Hellion x2  
  142  10:42  Medivac, Siege Tank  
  153  10:52  Siege Tank, Hellion  
  153  10:54  Sensor Tower  
  158  10:57  Hellion x2  
  158  11:03  Hellion  
  162  11:05  Hellion  
  162  11:06  Sensor Tower  
  162  11:09  Refinery  
  164  11:12  Sensor Tower  
  164  11:14  Siege Tank  
  164  11:16  Medivac, Refinery  
  164  11:17  Widow Mine  
  169  11:23  Hellion x2  
  169  11:24  Siege Tank, Hellion  
  172  11:27  Orbital Command  
  172  11:31  Planetary Fortress  
  172  11:34  SCV x2  
  174  11:50  Viking, Terran Vehicle And Ship Armor Level 1  
  174  11:51  Factory  
  174  11:52  Factory, Viking  
  179  11:54  SCV x2  
  179  11:57  SCV  
  181  12:02  Hellion  
  181  12:06  SCV x2  
  185  12:13  Siege Tank, Hellion  
  193  12:24  Hellion x2  
  194  12:39  Factory Tech Lab x2  
  194  12:44  Hellion x7  
  192  12:45  Factory x2  
  192  12:48  Command Center, Missile Turret  
  192  12:49  Command Center, Missile Turret  
  190  12:53  Hellion  
  192  13:01  Thor  
  188  13:07  Thor  
  192  13:13  Starport  
  192  13:15  Starport  
  192  13:17  Orbital Command  
  192  13:21  Neosteel Armor  
  192  13:27  Thor  
  188  13:42  Thor  
  188  13:48  Terran Vehicle And Ship Armor Level 2, Terran Vehicle Weapons Level 3  
  190  13:51  Factory Tech Lab  
  190  13:56  Starport Tech Lab, Starport Reactor  
  190  13:58  Factory Tech Lab  
  190  14:00  Fusion Core  
  190  14:02  Smart Servos  
  188  14:07  Thor  
  190  14:16  Thor  
  184  14:42  Thor x2  
  184  14:43  Thor  
  182  14:46  Siege Tank, Hellion  
  182  14:52  Siege Tank  
  157  14:57  Hellion  
  157  14:58  Hellion  
  157  14:59  Hellion  
  144  15:11  Thor  
  147  15:25  Orbital Command, SCV x4  
  153  15:33  Orbital Command x2  
  145  15:37  SCV x2  
  147  15:45  Thor x2  
  159  15:51  Liberator x5  
  159  15:58  Sensor Tower  
  159  16:10  Terran Vehicle And Ship Armor Level 3  
  174  16:15  Refinery  
  174  16:16  Refinery  
  174  16:29  Command Center  
  174  16:31  Command Center  
  162  16:33  Liberator  
  162  16:34  Liberator  
  162  16:35  Liberator  
  162  16:36  Siege Tank x2, Hellion x3  
  162  16:37  Siege Tank, Hellion x2  
  162  16:38  Hellion x2  
  179  16:42  Liberator  
  179  16:51  Terran Ship Weapons Level 1  
  188  16:59  Orbital Command  
  191  17:04  Command Center  
  191  17:17  Barracks  
  191  17:18  Ghost Academy  
  191  17:20  Barracks, Hellion x3  
  191  17:21  Hellion x3  
  200  17:24  Ghost Academy  
  194  18:06  Barracks Tech Lab  
  194  18:09  Barracks Tech Lab x2  
  194  18:11  Siege Tank x2, Hellion x3  
  196  18:39  Ghost x2  
  191  18:45  Refinery  
  191  18:49  Refinery  
  191  18:50  Refinery  
  191  18:53  Sensor Tower  
  193  19:02  Sensor Tower  
Tags
 
Add a new tag
Caveats
  • Supply blocks, unpowered buildings, or Contaminate may cause inaccurate times.
  • Supply counts are checked every 10 seconds.